| TOP OF THE 1ST |
|
University of Conneticut Huskies batting - Pitching for University of Oklahoma Sooners : RHP Elliot Bolitho
|
|
Pitching: RHP Elliot Bolitho
|
|
|
Batting: RHB Kyle Finney
|
0-0: Called Strike 0-1: Swinging Strike 0-2: Ball 1-2: Ball 2-2: Ball 3-2: Base on Balls
|
|
Batting: RHB Cullen Elliott
|
0-0: Ball 1-0: Called Strike 1-1: Fly out, F7 (Line Drive, 7LM, EV 93.1 MPH)
|
|
Batting: LHB Greg James
|
0-0: Ball 1-0: Called Strike 1-1: Ball 2-1: Called Strike 2-2: Fly out, F8 (Flyball, 89M, EV 83.1 MPH)
|
|
Batting: RHB Roku Kawano
|
0-0: Called Strike Kyle Finney steals 2nd base (no throw) 0-1: Called Strike 0-2: Foul Ball, location: 2F 0-2: Foul Ball, location: 2F 0-2: Foul Ball, location: 2F 0-2: Ball 1-2: Ball 2-2: Ground out 6-3 (Groundball, 6D, EV 107.5 MPH)
|
| Top of the 1st over - 0 runs, 0 hits, 0 errors, 1 left on base; University of Conneticut 0 - University of Oklahoma 0 |
| BOTTOM OF THE 1ST |
|
University of Oklahoma Sooners batting - Pitching for University of Conneticut Huskies : RHP Jordan Watkins
|
|
Pitching: RHP Jordan Watkins
|
|
|
Batting: RHB Jesus Montoya
|
0-0: SINGLE (Line Drive, 34, EV 106.9 MPH)
|
|
Batting: LHB Alex Benabides
|
0-0: Ball Jesus Montoya steals 2nd base 1-0: Ground out U3 (Groundball, 34S, EV 86.2 MPH) Jesus Montoya to third
|
|
Batting: RHB Victor Borras
|
0-0: Swinging Strike 0-1: Fly out, F8 (Flyball, 78D, EV 95.0 MPH) Runner from 3rd tags up, SCORES, throw by CF
|
|
Batting: LHB Toby Clark
|
0-0: Called Strike 0-1: Ball 1-1: Ball 2-1: Ball 3-1: Base on Balls
|
|
Batting: RHB Sugiarto Kartosuwiryo
|
0-0: Swinging Strike 0-1: Called Strike 0-2: Strikes out swinging
|
| Bottom of the 1st over - 1 run, 1 hit, 0 errors, 1 left on base; University of Conneticut 0 - University of Oklahoma 1 |
| TOP OF THE 2ND |
|
University of Conneticut Huskies batting - Pitching for University of Oklahoma Sooners : RHP Elliot Bolitho
|
|
Batting: LHB Andrew Barzee
|
0-0: Called Strike 0-1: Foul Ball, location: 2F 0-2: Ball 1-2: Foul Ball, location: 2F 1-2: Foul Ball, location: 2F 1-2: Strikes out looking
|
|
Batting: RHB Victor Ramos
|
0-0: Called Strike 0-1: Hit by Pitch
|
|
Batting: LHB Jonathan Sica
|
0-0: Called Strike Victor Ramos steals 2nd base 0-1: Ball 1-1: Foul Ball, location: 2F 1-2: Ball 2-2: Strikes out swinging
|
|
Batting: LHB Omar Alba
|
0-0: Called Strike 0-1: Called Strike 0-2: Ball 1-2: Strikes out swinging
|
| Top of the 2nd over - 0 runs, 0 hits, 0 errors, 1 left on base; University of Conneticut 0 - University of Oklahoma 1 |
| BOTTOM OF THE 2ND |
|
University of Oklahoma Sooners batting - Pitching for University of Conneticut Huskies : RHP Jordan Watkins
|
|
Batting: RHB Eric Peterson
|
0-0: Ball 1-0: Ball 2-0: DOUBLE (Line Drive, 9LM, EV 106.9 MPH)
|
|
Batting: RHB Sam Mason
|
0-0: Foul Ball, location: 2F 0-1: Ball 1-1: Called Strike 1-2: Foul Ball, location: 2F 1-2: Foul Ball, location: 2F 1-2: Foul Ball, location: 2F 1-2: Strikes out swinging
|
|
Batting: SHB Orlando Uribe
|
0-0: Called Strike 0-1: Foul Ball, location: 2F 0-2: Strikes out swinging
|
|
Batting: RHB Ben Gappa
|
0-0: Ball 1-0: Fly out, F9 (Flyball, 89S, EV 82.5 MPH)
|
| Bottom of the 2nd over - 0 runs, 1 hit, 0 errors, 1 left on base; University of Conneticut 0 - University of Oklahoma 1 |
| TOP OF THE 3RD |
|
University of Conneticut Huskies batting - Pitching for University of Oklahoma Sooners : RHP Elliot Bolitho
|
|
Batting: RHB Jack Vokey
|
0-0: Called Strike 0-1: TRIPLE (Line Drive, 9LD, EV 102.5 MPH)
|
|
Batting: RHB Kyle Finney
|
0-0: Ball 1-0: Foul Ball, location: 2F 1-1: Foul Ball, location: 2F 1-2: SINGLE (Groundball, 56D, EV 107.5 MPH) (infield hit) Jack Vokey scores
|
|
Batting: RHB Cullen Elliott
|
0-0: Called Strike 0-1: Swinging Strike 0-2: SINGLE (Line Drive, 4D, EV 99.4 MPH) Kyle Finney to second Kyle Finney to third
|
|
Batting: LHB Greg James
|
0-0: Called Strike 0-1: Ball 1-1: Called Strike 1-2: Foul Ball, location: 2F 1-2: Foul Ball, location: 2F 1-2: Strikes out swinging
|
|
Batting: RHB Roku Kawano
|
0-0: SINGLE (Groundball, 6, EV 103.8 MPH) Kyle Finney scores Cullen Elliott to second
|
|
Batting: LHB Andrew Barzee
|
0-0: Called Strike 0-1: Foul Ball, location: 2F 0-2: Strikes out looking
|
|
Batting: RHB Victor Ramos
|
0-0: Ball 1-0: Ball 2-0: Ball 3-0: Called Strike 3-1: Called Strike 3-2: Foul Ball, location: 2F 3-2: Fly out, F7 (Flyball, 7, EV 88.1 MPH)
|
| Top of the 3rd over - 2 runs, 4 hits, 0 errors, 2 left on base; University of Conneticut 2 - University of Oklahoma 1 |
| BOTTOM OF THE 3RD |
|
University of Oklahoma Sooners batting - Pitching for University of Conneticut Huskies : RHP Jordan Watkins
|
|
Batting: RHB Jesus Montoya
|
0-0: Ball 1-0: Called Strike 1-1: Ball 2-1: Ball 3-1: Fly out, F8 (Line Drive, 8RM, EV 93.1 MPH)
|
|
Batting: LHB Alex Benabides
|
0-0: Called Strike 0-1: Ball 1-1: Called Strike 1-2: Ball 2-2: Foul Ball, location: 2F 2-2: Fly out, F6 (Popup, 6M, EV 77.5 MPH)
|
|
Batting: RHB Victor Borras
|
0-0: Ball 1-0: Ball 2-0: Ball 3-0: Base on Balls
|
|
Batting: LHB Toby Clark
|
0-0: Called Strike 0-1: Foul Ball, location: 2F 0-2: Foul Ball, location: 2F 0-2: Ball 1-2: Strikes out swinging
|
| Bottom of the 3rd over - 0 runs, 0 hits, 0 errors, 1 left on base; University of Conneticut 2 - University of Oklahoma 1 |
| TOP OF THE 4TH |
|
University of Conneticut Huskies batting - Pitching for University of Oklahoma Sooners : RHP Elliot Bolitho
|
|
Batting: LHB Jonathan Sica
|
0-0: Ball 1-0: Ball 2-0: Called Strike 2-1: Foul Ball, location: 2F 2-2: Ball 3-2: Base on Balls
|
|
Batting: LHB Omar Alba
|
0-0: Ball 1-0: Ball 2-0: Swinging Strike 2-1: Foul Ball, location: 2F 2-2: Foul Ball, location: 2F 2-2: Fly out, F8 (Line Drive, 8RD, EV 98.8 MPH)
|
|
Pitching: RHP Earl Freeman
|
|
|
Batting: RHB Jack Vokey
|
0-0: Ball 1-0: Ball 2-0: Called Strike 2-1: Ball 3-1: Foul Ball, location: 2F 3-2: Fly out, F8 (Line Drive, 8RM, EV 100.0 MPH)
|
|
Batting: RHB Kyle Finney
|
0-0: Called Strike 0-1: Foul Ball, location: 2F 0-2: Ball 1-2: Ball 2-2: Strikes out looking
|
| Top of the 4th over - 0 runs, 0 hits, 0 errors, 1 left on base; University of Conneticut 2 - University of Oklahoma 1 |
| BOTTOM OF THE 4TH |
|
University of Oklahoma Sooners batting - Pitching for University of Conneticut Huskies : RHP Jordan Watkins
|
|
Batting: RHB Sugiarto Kartosuwiryo
|
0-0: Swinging Strike 0-1: Foul Ball, location: 2F 0-2: Ball 1-2: Strikes out swinging
|
|
Batting: RHB Eric Peterson
|
0-0: SINGLE (Groundball, 34D, EV 103.1 MPH)
|
|
Batting: RHB Sam Mason
|
0-0: Ball 1-0: Foul Ball, location: 2F 1-1: Ball 2-1: Swinging Strike 2-2: Strikes out swinging
|
|
Batting: SHB Orlando Uribe
|
0-0: Hit by Pitch Eric Peterson to second
|
|
Batting: RHB Ben Gappa
|
0-0: Ball 1-0: Ball 2-0: Foul Ball, location: 2F 2-1: Foul Ball, location: 2F 2-2: Strikes out swinging
|
| Bottom of the 4th over - 0 runs, 1 hit, 0 errors, 2 left on base; University of Conneticut 2 - University of Oklahoma 1 |
| TOP OF THE 5TH |
|
University of Conneticut Huskies batting - Pitching for University of Oklahoma Sooners : RHP Earl Freeman
|
|
Batting: RHB Cullen Elliott
|
0-0: Ball 1-0: Ball 2-0: Called Strike 2-1: Ground out 5-3 (Groundball, 56, EV 86.9 MPH)
|
|
Batting: LHB Greg James
|
0-0: Foul Ball, location: 2F 0-1: Foul Ball, location: 2F 0-2: Hit by Pitch
|
|
Batting: RHB Roku Kawano
|
0-0: Ball 1-0: Ball 2-0: Ball 3-0: Called Strike 3-1: Base on Balls Greg James to second
|
|
Batting: LHB Andrew Barzee
|
0-0: Ball 1-0: Ball 2-0: SINGLE (Groundball, 34D, EV 98.8 MPH) Greg James to third Roku Kawano to second Throwing error, E9 Greg James scores Roku Kawano to third Andrew Barzee to second
|
|
Batting: RHB Victor Ramos
|
0-0: Fly out, F9 (Flyball, 89M, EV 91.9 MPH) Runner from 3rd tags up, SCORES, throw by RF Andrew Barzee to third
|
|
Batting: LHB Jonathan Sica
|
0-0: Called Strike 0-1: Ball 1-1: Ball 2-1: SINGLE (Flyball, 6D, EV 93.1 MPH) Andrew Barzee scores
|
|
Pitching: RHP Jose Merced
|
|
|
Batting: LHB Omar Alba
|
0-0: Called Strike 0-1: Called Strike 0-2: Ball 1-2: Ball 2-2: Ball 3-2: Base on Balls Jonathan Sica to second
|
|
Batting: RHB Jack Vokey
|
0-0: Called Strike 0-1: Foul Ball, location: 2F 0-2: Ball 1-2: Strikes out looking
|
| Top of the 5th over - 3 runs, 2 hits, 1 error, 2 left on base; University of Conneticut 5 - University of Oklahoma 1 |
| BOTTOM OF THE 5TH |
|
University of Oklahoma Sooners batting - Pitching for University of Conneticut Huskies : RHP Jordan Watkins
|
|
Batting: RHB Jesus Montoya
|
0-0: Ball 1-0: Called Strike 1-1: Foul Ball, location: 2F 1-2: Strikes out swinging
|
|
Batting: LHB Alex Benabides
|
0-0: Called Strike 0-1: Ball 1-1: Called Strike 1-2: Ball 2-2: Ball 3-2: Strikes out swinging
|
|
Batting: RHB Victor Borras
|
0-0: Swinging Strike 0-1: Ball 1-1: Foul Ball, location: 2F 1-2: Ball 2-2: Strikes out swinging
|
| Bottom of the 5th over - 0 runs, 0 hits, 0 errors, 0 left on base; University of Conneticut 5 - University of Oklahoma 1 |
| TOP OF THE 6TH |
|
University of Conneticut Huskies batting - Pitching for University of Oklahoma Sooners : RHP Jose Merced
|
|
Batting: RHB Kyle Finney
|
0-0: Foul Ball, location: 2F 0-1: Foul Ball, location: 2F 0-2: Ball 1-2: Ball 2-2: Foul Ball, location: 2F 2-2: Foul Ball, location: 2F 2-2: Reached on error, E5 (Groundball, 56S, EV 69.4 MPH)
|
|
Batting: RHB Cullen Elliott
|
0-0: Swinging Strike 0-1: Ball 1-1: Fielders Choice at 2nd, 6-4 (Groundball, 6, EV 108.1 MPH)
|
|
Batting: LHB Greg James
|
0-0: Called Strike 0-1: Ground out 1-3 (Groundball, P, EV 67.5 MPH) Cullen Elliott to second
|
|
Batting: RHB Roku Kawano
|
0-0: Ball 1-0: Ball 2-0: Ball 3-0: Base on Balls
|
|
Batting: LHB Andrew Barzee
|
0-0: Ball 1-0: Ball 2-0: Called Strike 2-1: Reached on error, E5 (Groundball, 5, EV 80.0 MPH) Cullen Elliott to third Roku Kawano to second
|
|
Batting: RHB Victor Ramos
|
0-0: Ground out 3-1 (Groundball, 34, EV 103.1 MPH)
|
| Top of the 6th over - 0 runs, 0 hits, 2 errors, 3 left on base; University of Conneticut 5 - University of Oklahoma 1 |
| BOTTOM OF THE 6TH |
|
University of Oklahoma Sooners batting - Pitching for University of Conneticut Huskies : RHP Jordan Watkins
|
|
Pitching: LHP Alex Membreno
|
|
|
Batting: LHB Toby Clark
|
0-0: Swinging Strike 0-1: SINGLE (Line Drive, 9LS, EV 102.5 MPH)
|
|
Batting: RHB Sugiarto Kartosuwiryo
|
0-0: Ball 1-0: Ball 2-0: Called Strike 2-1: DOUBLE (Line Drive, 9LM, EV 106.2 MPH) Toby Clark to third
|
|
Batting: RHB Eric Peterson
|
0-0: Ball 1-0: Called Strike 1-1: Foul Ball, location: 2F 1-2: SINGLE (Groundball, 4MD, EV 94.4 MPH) Toby Clark scores Sugiarto Kartosuwiryo to third
|
|
Batting: RHB Sam Mason
|
0-0: Called Strike 0-1: Called Strike 0-2: Strikes out swinging
|
|
Batting: SHB Orlando Uribe
|
0-0: Ball 1-0: Fielders Choice at 2nd, 6-4 (Groundball, 6D, EV 92.5 MPH) Sugiarto Kartosuwiryo scores
|
|
Batting: RHB Ben Gappa
|
0-0: Ball 1-0: Called Strike 1-1: Swinging Strike 1-2: Foul Ball, location: 2F 1-2: Strikes out looking
|
| Bottom of the 6th over - 2 runs, 3 hits, 0 errors, 1 left on base; University of Conneticut 5 - University of Oklahoma 3 |
| TOP OF THE 7TH |
|
University of Conneticut Huskies batting - Pitching for University of Oklahoma Sooners : RHP Jose Merced
|
|
Batting: LHB Jonathan Sica
|
0-0: Called Strike 0-1: Ball 1-1: Foul Ball, location: 2F 1-2: Ball 2-2: Foul Ball, location: 2F 2-2: Foul Ball, location: 2F 2-2: Ball 3-2: Strikes out swinging
|
|
Batting: LHB Omar Alba
|
0-0: Ball 1-0: Ball 2-0: Foul Ball, location: 2F 2-1: Fly out, F9 (Flyball, 9, EV 85.6 MPH)
|
|
Batting: RHB Jack Vokey
|
0-0: Called Strike 0-1: DOUBLE (Line Drive, 9LD, EV 106.2 MPH)
|
|
Pitching: RHP Arjan van den Hurk
|
|
|
Batting: RHB Kyle Finney
|
0-0: Called Strike 0-1: Ball 1-1: Ground out U3 (Groundball, 3S, EV 81.9 MPH)
|
| Top of the 7th over - 0 runs, 1 hit, 0 errors, 1 left on base; University of Conneticut 5 - University of Oklahoma 3 |
| BOTTOM OF THE 7TH |
|
University of Oklahoma Sooners batting - Pitching for University of Conneticut Huskies : LHP Alex Membreno
|
|
Pitching: RHP Nick Rice
|
|
|
Batting: RHB Jesus Montoya
|
0-0: Called Strike 0-1: Called Strike 0-2: Strikes out looking
|
|
Batting: LHB Alex Benabides
|
0-0: Ground out U3 (Groundball, 3, EV 89.4 MPH)
|
|
Batting: RHB Victor Borras
|
0-0: Ground out 6-3 (Groundball, 6, EV 86.9 MPH)
|
| Bottom of the 7th over - 0 runs, 0 hits, 0 errors, 0 left on base; University of Conneticut 5 - University of Oklahoma 3 |
| TOP OF THE 8TH |
|
University of Conneticut Huskies batting - Pitching for University of Oklahoma Sooners : RHP Arjan van den Hurk
|
|
Batting: RHB Cullen Elliott
|
0-0: Fly out, F8 (Flyball, 8RM, EV 96.2 MPH)
|
|
Batting: LHB Greg James
|
0-0: Called Strike 0-1: Ball 1-1: Foul Ball, location: 2F 1-2: Foul Ball, location: 2F 1-2: Fly out, F7 (Line Drive, 78M, EV 88.8 MPH)
|
|
Batting: RHB Roku Kawano
|
0-0: Ball 1-0: Swinging Strike 1-1: DOUBLE (Flyball, 8RXD, EV 106.9 MPH)
|
|
Batting: LHB Andrew Barzee
|
0-0: Ball 1-0: Ground out 6-3 (Groundball, 6, EV 86.2 MPH)
|
| Top of the 8th over - 0 runs, 1 hit, 0 errors, 1 left on base; University of Conneticut 5 - University of Oklahoma 3 |
| BOTTOM OF THE 8TH |
|
University of Oklahoma Sooners batting - Pitching for University of Conneticut Huskies : RHP Nick Rice
|
|
Batting: LHB Toby Clark
|
0-0: Ball 1-0: Ball 2-0: Foul Ball, location: 2F 2-1: SOLO HOME RUN (Flyball, 89XD, EV 110.6 MPH), Distance : 424 ft
|
|
Batting: RHB Sugiarto Kartosuwiryo
|
0-0: Called Strike 0-1: Ball 1-1: Foul Ball, location: 2F 1-2: Strikes out swinging
|
|
Batting: RHB Eric Peterson
|
0-0: Called Strike 0-1: Foul Ball, location: 2F 0-2: Strikes out swinging, 2-3 out at first.
|
|
Batting: RHB Sam Mason
|
0-0: Ball 1-0: Swinging Strike 1-1: Swinging Strike 1-2: Strikes out swinging
|
| Bottom of the 8th over - 1 run, 1 hit, 0 errors, 0 left on base; University of Conneticut 5 - University of Oklahoma 4 |
| TOP OF THE 9TH |
|
University of Conneticut Huskies batting - Pitching for University of Oklahoma Sooners : RHP Arjan van den Hurk
|
|
Pitching: RHP Adam Alioto
|
|
|
Batting: RHB Victor Ramos
|
0-0: Ball 1-0: Ball 2-0: Fly out, F7 (Flyball, 7LSF, EV 87.5 MPH)
|
|
Batting: LHB Jonathan Sica
|
0-0: Ball 1-0: Called Strike 1-1: Called Strike 1-2: Ball 2-2: Foul Ball, location: 2F 2-2: SINGLE (Groundball, 4D, EV 100.6 MPH)
|
|
Batting: LHB Omar Alba
|
0-0: Swinging Strike 0-1: Foul Ball, location: 2F 0-2: Ball 1-2: Ball 2-2: Ball 3-2: Foul Ball, location: 2F 3-2: Base on Balls Jonathan Sica to second
|
|
Pinch Runner at 2nd Jordan Nicholas:
|
|
|
Batting: RHB Jack Vokey
|
0-0: Ball 1-0: Ball 2-0: Ball 3-0: Called Strike 3-1: Fly out, F7 (Flyball, 7S, EV 88.8 MPH)
|
|
Batting: RHB Kyle Finney
|
0-0: Ball 1-0: Ball 2-0: Ball 3-0: Base on Balls Jordan Nicholas to third Omar Alba to second
|
|
Batting: RHB Cullen Elliott
|
0-0: Ball 1-0: Swinging Strike 1-1: Foul Ball, location: 2F 1-2: Strikes out swinging
|
| Top of the 9th over - 0 runs, 1 hit, 0 errors, 3 left on base; University of Conneticut 5 - University of Oklahoma 4 |
| BOTTOM OF THE 9TH |
|
University of Oklahoma Sooners batting - Pitching for University of Conneticut Huskies : RHP Nick Rice
|
|
Pitching: RHP Leo Cartwright
|
|
|
Batting: SHB Orlando Uribe
|
0-0: SINGLE (Groundball, 34, EV 96.2 MPH)
|
|
Batting: RHB Ben Gappa
|
0-0: Bunted foul 0-1: Bunt missed! 0-2: Fly out, F7 (Flyball, 7S, EV 81.9 MPH)
|
|
Batting: RHB Jesus Montoya
|
0-0: Fly out, F7 (Line Drive, 78M, EV 90.6 MPH)
|
|
Batting: LHB Alex Benabides
|
0-0: Ball 1-0: Fly out, F8 (Flyball, 89S, EV 86.2 MPH)
|
| Bottom of the 9th over - 0 runs, 1 hit, 0 errors, 1 left on base; University of Conneticut 5 - University of Oklahoma 4 |
|